 Seeded DCSS version 0.29-a0-876-gfc89b1a5bd (webtiles) character file.

Game seed: 8897551386731462229 (custom seed)

5243 wilfster70 the Cleaver (level 10, -4/63 HPs)
             Began as a Gargoyle Fighter on July 19, 2022.
             Was a Believer of Okawaru.
             Killed by divine providence
             ... invoked by an orc high priest
              (13 damage)
             ... in a bailey.
             The game lasted 00:16:12 (7708 turns).

wilfster70 the Cleaver (Gargoyle Fighter)           Turns: 7708, Time: 00:16:13

Health: -4/63      AC: 32    Str: 21    XL:     10   Next: 62%
Magic:  14/14      EV:  5    Int: 12    God:    Okawaru [**....]
Gold:   580        SH:  4    Dex:  9    Spells: 9/9 levels left

rFire   . . .      SeeInvis +   a - +3 broad axe (elec)
rCold   + . .      Faith    .   c - +0 buckler
rNeg    + . .      Spirit   .   m - +6 plate armour of Absolutism {rPois}
rPois   ∞          Reflect  .   (no helmet)
rElec   +          Harm     .   L - +0 cloak
rCorr   .          Rampage  .   h - +2 pair of gloves
Will    .....                   (no boots)
Stlth   ..........              n - amulet of the acrobat
HPRegen 0.20/turn               g - ring "Reitid" {rC+ SInv}
MPRegen 0.14/turn               q - +4 ring of protection

@: spiked
A: sickness immunity, AC +7, negative energy resistance 1, electricity
resistance, torment resistance 1, petrification resistance
a: Renounce Religion, Heroism


You were in a bailey.
You worshipped Okawaru.
Okawaru was pleased with you.
You visited 2 branches of the dungeon, and saw 9 of its levels.
You also visited: Ossuary and Bailey.

You collected 580 gold pieces.

Inventory:

Hand Weapons
 a - a +3 broad axe of electrocution (weapon)
 P - a +0 broad axe
Missiles
 b - 2 javelins (quivered)
Armour
 c - a +0 buckler (worn)
 h - a +2 pair of gloves (worn)
 m - the +6 plate armour of Absolutism (worn) {rPois}
   (You acquired it on level 1 of the Dungeon)

   rPois:     It protects you from poison.
 L - a +0 cloak (worn)
Jewellery
 g - the ring "Reitid" (left hand) {rC+ SInv}
   (You acquired it on level 1 of the Dungeon)

   [ring of protection from cold]

   rC:        It protects you from cold.
   SInv:      It lets you see invisible.
 n - an amulet of the acrobat (around neck)
 q - a +4 ring of protection (right hand)
 x - a ring of fire
Wands
 p - a wand of light (10)
 C - a wand of charming (10)
 D - a wand of roots (2)
 E - a wand of flame (12)
 H - a wand of digging (5)
 J - a wand of mindburst (11)
Scrolls
 f - 3 scrolls of amnesia {unknown}
 i - 4 scrolls of noise {unknown}
 j - 3 scrolls of magic mapping {unknown}
 k - 3 scrolls of poison
 o - 7 scrolls of teleportation
 s - 6 scrolls of blinking {unknown}
 t - a scroll of brand weapon {unknown}
 w - a scroll of vulnerability {unknown}
 y - 2 scrolls of immolation {unknown}
 z - a scroll of silence {unknown}
 A - a scroll of torment {unknown}
 B - a scroll of fog {unknown}
 M - a scroll of fear {unknown}
Potions
 d - a potion of might
 e - 3 potions of curing
 l - a potion of brilliance {unknown}
 r - a potion of heal wounds {unknown}
 u - 2 potions of flight {unknown}
 v - 3 potions of mutation {unknown}
 F - a potion of invisibility {unknown}
 G - 3 potions of resistance
 I - a potion of lignification {unknown}
 K - 3 potions of haste {unknown}
 N - a potion of attraction {unknown}
 O - a potion of magic {unknown}


   Skills:
 - Level 7.2 Fighting
 * Level 12.3 Axes
 - Level 3.2 Armour
 - Level 3.2 Shields
 + Level 5.6 Invocations


You had 9 spell levels left.
You didn't know any spells.
Your spell library contained the following spells:

 Spells                   Type           Power      Damage    Failure   Level
 Apportation              Tloc           0%         N/A       100%        1
 Necrotise                Necr           0%         1d4       100%        1
 Ensorcelled Hibernation  Hex/Ice        0%         N/A       100%        2
 Passwall                 Tmut/Erth      0%         N/A       100%        2
 Swiftness                Air            0%         N/A       100%        3
 Summon Small Mammal      Summ           Unusable   N/A       N/A         1

Dungeon Overview and Level Annotations

Branches:
Dungeon (8/15)             Temple (1/1) D:7         Ossuary (visited)
 Bailey (1/1)
   Lair: D:8-11

Altars:
Ashenzari
Cheibriados
Elyvilon
Fedhas
Gozag
Hepliaklqana
Kikubaaqudgha
Makhleb
Okawaru
Qazlal
Ru
Sif Muna
Trog
Uskayaw
Wu Jian
Xom
Yredelemnul
Zin
The Shining One


Innate Abilities, Weirdness & Mutations

You are immune to sickness and miasma.
Your stone body is resilient. (AC +7)
You are immune to poison.
You resist negative energy. (rN+)
You are resistant to electric shocks. (rElec)
You are resistant to unholy torment.
You are immune to petrification.


Message History

The soul eater hits you but does no damage.
The gnoll hits you but does no damage.
You hit the orc warrior.
Lightning courses through the orc warrior!
You kill the orc warrior!
Okawaru accepts your kill.
You hit the orc high priest but do no damage.
You closely miss the soul eater.
The orc high priest hits you but does no damage.
The soul eater hits you!
* * * LOW HITPOINT WARNING * * *
The gnoll hits you from afar with a +0 spear.
* * * LOW HITPOINT WARNING * * *
You feel better.
The orc high priest calls down the wrath of Beogh upon you.
You struggle to resist.
You block the soul eater's attack.
The gnoll hits you from afar with a +0 spear.
* * * LOW HITPOINT WARNING * * *
You feel better.
The orc high priest hits you but does no damage.
The soul eater hits you but does no damage.
The gnoll hits you but does no damage.
You closely miss the orc high priest.
The orc high priest is severely wounded.
You hit the soul eater but do no damage.
The orc high priest hits you but does no damage.
The soul eater hits you but does no damage.
The gnoll hits you but does no damage.
You hit the orc high priest.
The orc high priest is almost dead.
You barely miss the soul eater.
The orc high priest hits you but does no damage.
The soul eater hits you but does no damage.
The gnoll hits you but does no damage.
You closely miss the orc high priest.
The orc high priest is almost dead.
You barely miss the soul eater.
The orc high priest invokes the aid of Beogh against you.
Beogh smites you!
You die...

.. .. ##'# #..#
#..# #g.# #)o#
#@3# #)## #..#
#8)# #).# ####8.#
.. #######...).#
8.. #.....#.))8.#
....#.....#.)...#


You could see a soul eater (summoned), an orc high priest and a gnoll.

Vanquished Creatures
  The ghost of gabibbone the Cleaver, a novice HOFi of Uskayaw (D:7)
  Pikel (D:5)
  An orange demon (D:8)
  Menkaure (D:7)
  The ghost of Protee the Grave Robber, an amateur VSNe (D:4)
  5 orc warriors (Bailey)
  A sky beast (D:7)
  2 black bears
  2 ogres
  3 ice beasts (D:6)
  A phantom (D:6)
  A centaur (D:6)
  An elf zombie (Ossuary)
  Blork the orc (D:5)
  3 kobold brigands
  A bullfrog (D:7)
  2 scorpions
  A necrophage (D:7)
  A water moccasin zombie (D:4)
  5 wights (D:7)
  5 killer bees (D:8)
  4 centaur zombies (Ossuary)
  A bullfrog skeleton (D:4)
  5 orc priests
  3 hounds
  2 human zombies (Ossuary)
  Crazy Yiuf (D:6)
  A black bear skeleton (Ossuary)
  2 iguanas
  6 orc wizards
  2 killer bee zombies (D:7)
  A hound zombie (Ossuary)
  2 mummies (Ossuary)
  18 gnolls
  12 adders
  A howler monkey skeleton (D:4)
  A steam dragon skeleton (Ossuary)
  A shadow imp (D:7)
  2 white imps (D:5)
  An adder zombie (Ossuary)
  A gnoll skeleton (Ossuary)
  3 worms
  2 dart slugs
  49 orcs
  7 ball pythons
  4 bats
  10 endoplasms
  4 giant cockroaches
  7 goblins
  10 hobgoblins
  4 jackals (D:1)
  25 kobolds
  7 frilled lizards
  3 goblin zombies (Ossuary)
  7 hobgoblin zombies (Ossuary)
  8 kobold zombies (Ossuary)
  An orc skeleton (Ossuary)
  10 orc zombies (Ossuary)
  A rat (D:3)
  A rat zombie (Ossuary)
270 creatures vanquished.

Notes
Turn   | Place    | Note
-------+----------+-------------------------------------------
     0 | D:1      | wilfster70 the Gargoyle Fighter began the quest for the
                  | Orb.
     0 | D:1      | Reached XP level 1. HP: 14/14 MP: 1/1
   129 | D:1      | Reached skill level 2 in Axes
   337 | D:1      | Reached XP level 2. HP: 19/19 MP: 2/2
   413 | D:1      | Identified a scroll of acquirement
   413 | D:1      | Acquired the ring "Reitid" {rC+ SInv}
   700 | D:1      | Acquired the +6 plate armour of Absolutism {rPois}
   918 | D:2      | Reached XP level 3. HP: 24/24 MP: 3/3
   940 | D:2      | Found a faded altar of an unknown god.
  1214 | D:2      | Reached skill level 3 in Axes
  1260 | D:2      | Reached XP level 4. HP: 28/29 MP: 4/4
  1823 | D:3      | Reached XP level 5. HP: 18/34 MP: 5/5
  2018 | D:3      | Found a bloodstained altar of Trog.
  2074 | D:2      | Reached skill level 4 in Axes
  2170 | D:3      | Reached XP level 6. HP: 24/40 MP: 6/6
  2612 | D:3      | Reached skill level 5 in Fighting
  2849 | D:3      | Found a shimmering altar of Xom.
  3079 | D:4      | Found a transporter.
  3083 | D:4      | Noticed Protee's ghost (amateur VSNe)
  3084 | D:4      | Found a transporter.
  3099 | D:4      | Killed Protee's ghost
  3100 | D:4      | Reached skill level 5 in Axes
  3112 | D:4      | Reached XP level 7. HP: 43/44 MP: 7/7
  3149 | D:4      | Found a hazy altar of Hepliaklqana.
  3154 | D:4      | Found an ancient bone altar of Kikubaaqudgha.
  3317 | D:4      | Found an opulent altar of Gozag.
  3601 | D:4      | Found a burning altar of Makhleb.
  3694 | D:4      | Found a blossoming altar of Fedhas.
  3694 | D:4      | Found a snail-covered altar of Cheibriados.
  3768 | D:5      | Entered Level 5 of the Dungeon
  3771 | D:5      | Reached skill level 6 in Axes
  3882 | D:5      | Noticed Blork the orc
  3891 | D:5      | Killed Blork the orc
  4015 | D:5      | Reached XP level 8. HP: 52/52 MP: 8/8
  4036 | D:5      | Noticed Pikel
  4063 | D:5      | Killed Pikel
  4064 | D:5      | Reached skill level 7 in Axes
  4415 | D:5      | Reached skill level 8 in Axes
  4884 | D:6      | Found a glowing golden altar of the Shining One.
  4884 | D:6      | Found a sacrificial altar of Ru.
  4895 | D:6      | Reached skill level 9 in Axes
  4895 | D:6      | Reached XP level 9. HP: 57/57 MP: 9/9
  5260 | D:6      | Reached skill level 10 in Axes
  5385 | D:6      | Found a runed translucent door.
  5386 | D:6      | Noticed Crazy Yiuf
  5393 | D:6      | Killed Crazy Yiuf
  5756 | D:7      | Found a staircase to the Ecumenical Temple.
  5773 | Temple   | Entered the Ecumenical Temple
  5850 | Temple   | Became a worshipper of Warmaster Okawaru
  5938 | D:7      | Noticed Menkaure
  5943 | D:7      | Killed Menkaure
  5944 | D:7      | Reached skill level 1 in Invocations
  5951 | D:7      | Found a sand-covered staircase.
  5962 | Ossuary  | Entered an ossuary
  6470 | D:7      | Reached skill level 11 in Axes
  6470 | D:7      | Reached * piety under Okawaru
  6481 | D:7      | Reached XP level 10. HP: 48/63 MP: 12/12
  6769 | D:7      | Found a runed translucent gate.
  6769 | D:7      | Found a runed translucent gate.
  6769 | D:7      | Found a runed translucent gate.
  6769 | D:7      | Noticed gabibbone's ghost (novice HOFi)
  6771 | D:7      | Found a basalt altar of Yredelemnul.
  6799 | D:7      | Killed gabibbone's ghost
  7143 | D:8      | Reached ** piety under Okawaru
  7232 | D:8      | Found a flagged portal.
  7239 | D:8      | Noticed an orange demon
  7253 | D:8      | Killed an orange demon
  7254 | D:8      | Reached skill level 5 in Invocations
  7301 | Bailey   | Entered a bailey
  7407 | Bailey   | Reached skill level 12 in Axes
  7681 | Bailey   | Noticed an orc high priest
  7692 | Bailey   | Noticed a soul eater
  7696 | Bailey   | HP: 2/63 [orc high priest/+0 war axe (8)]
  7703 | Bailey   | HP: 2/63 [soul eater[an orc high priest] (12)]
  7708 | Bailey   | Killed from afar by an orc high priest

Illustrated notes

Levels and vault maps discovered:
D:1:      lemuel_arrival_behind_the_door_large, layout_basic, minivault_24,
          dreamdust_wishing_well, moated_statue, minmay_hedge_maze
D:2:      layout_basic, dreamdust_ecumenical_altar_grove, eino_tiny_chamber,
          minmay_joined_circles
D:3:      layout_loops_ring, bloody_trog, mainiacjoe_overflow_tiny_flanked,
          minmay_fractal_squares_gapless_5
D:4:      layout_basic, bloody_makhleb, lemuel_crystal_altar,
          gammafunk_temple_overflow_pools, grunt_temple_overflow_open,
          gammafunk_ghost_mausoleum
D:5:      layout_cave_pools, minmay_misc_feat_x, uniq_blork_the_orc, uniq_pikel
D:6:      layout_basic, mainiacjoe_overflow_catch_the_wave,
          minmay_misc_feat_pillars, minivault_24, uniq_crazy_yiuf_cottage
D:7:      layout_rooms, nicolae_yredelemnul_ghost_church,
          minmay_temple_entry_ruins, chequers_ossuary_entry_cave,
          corexii_corridor_pit, uniq_menkaure
D:8:      layout_loops_cross, enter_bailey_5, uniq_amaemon
Temple:   hellmonk_temple_beads
Bailey:   bailey_axe_of_yendor_kennysheep, bailey

Skill      XL: |  1  2  3  4  5  6  7  8  9 10 |
---------------+-------------------------------+-----
Axes           | 2 3 4 5 6 9 11 12 | 12.3
Fighting       | 4 5 6 7 |  7.2
Invocations    | 3 5 |  5.6
Armour         | |  3.2
Shields        | |  3.2

Action                   |  1- 3 |  4- 6 |  7- 9 | 10-12 || total
-------------------------+-------+-------+-------+-------++-------
Melee: War axe           |    81 |   177 |   101 |       ||   359
       Broad axe         |       |       |   229 |   136 ||   365
Evoke: Wand              |       |       |       |     1 ||     1
  Use: Scroll            |     2 |     4 |     4 |       ||    10
       Potion            |       |       |     1 |     6 ||     7
Armor: Plate armour      |    63 |   158 |   284 |   149 ||   654
       Scale mail        |     2 |       |       |       ||     2
Dodge: Dodged            |    21 |    42 |    92 |    64 ||   219
Block: Buckler           |    13 |    31 |    59 |    36 ||   139

Table legend: (Time is in decaauts)
 A = Elapsed time spent in this place.
 B = Non-inter-level travel time spent in this place.
 C = Inter-level travel time spent in this place.
 D = Time resting spent in this place.
 E = Time spent auto-exploring this place.
 F = Levels seen in this place.
 G = Mean time per level.
                   A        B        C        D        E       F      G
               +--------+--------+--------+--------+--------+-----+--------+
         Total |   7873 |   7655 |    218 |   1591 |   3063 |  11 |  715.7 |
       Dungeon |   6947 |   6795 |    152 |   1232 |   2950 |   8 |  868.4 |
        Temple |    143 |     77 |     66 |      0 |      0 |   1 |  143.0 |
       Ossuary |    372 |    372 |      0 |     80 |    113 |   1 |  372.0 |
        Bailey |    408 |    408 |      0 |    279 |      0 |   1 |  408.0 |
               +--------+--------+--------+--------+--------+-----+--------+

Top non-repeatable levels by time:
     D:3: 1099 daAuts
     D:2: 1077 daAuts
     D:6: 1029 daAuts
     D:1: 911 daAuts
     D:5: 909 daAuts
     D:7: 896 daAuts
     D:4: 855 daAuts
  Bailey: 408 daAuts
 Ossuary: 372 daAuts
     D:8: 167 daAuts
  Temple: 143 daAuts
